 Dungeon Crawl Stone Soup version 0.29.1-2-gbd0b4ee654 (console) character file.

Game seed: 3376487924049291325

3933 caaleb the Basher (level 10, -12/100 HPs)
             Began as a Demonspawn Hunter on Nov 13, 2022.
             Was an Elder of Trog.
             Blown up by Pikel (21 damage)
             ... with a mindburst bolt
             ... on level 7 of the Dungeon on Nov 14, 2022.
             The game lasted 00:30:27 (7360 turns).

caaleb the Basher (Demonspawn Hunter)               Turns: 7360, Time: 00:30:27

Health: -12/100    AC: 25    Str: 19    XL:     10   Next: 1%
Magic:  10/10      EV:  2    Int: 10    God:    Trog [****..]
Gold:   186        SH:  0    Dex: 16    Spells: 9/9 levels left

rFire   . . .      SeeInvis .   h - +0 mace
rCold   + . .      Faith    .   (no shield)
rNeg    . . .      Spirit   .   (body armour currently unavailable)
rPois   +          Reflect  .   (helmet currently unavailable)
rElec   .          Harm     .   (cloak currently unavailable)
rCorr   .          Rampage  .   (gloves currently unavailable)
Will    .....      Rage     3%  (boots currently unavailable)
Stlth   ++........ NoTele   +   (no amulet)
HPRegen 0.26/turn               f - ring of protection from cold
MPRegen 0.12/turn               (no ring)

@: tree-form (expiring), on berserk cooldown, hasted and slowed
A: stationary, stasis, torment immunity, boosted hp, (antennae 1), powered by
death 2, (spiny 1), (hooves 2), berserk 1, strong 1
a: Renounce Religion, Berserk, Trog's Hand, Brothers in Arms


You were on level 7 of the Dungeon.
You worshipped Trog.
Trog was greatly pleased with you.
You were a tree.
You visited 1 branch of the dungeon, and saw 7 of its levels.

You collected 388 gold pieces.
You spent 202 gold pieces at shops.

Inventory:

Hand Weapons
 h - a +0 mace (weapon)
 w - a +0 dagger of venom
 C - a +0 flail
Missiles
 j - 3 silver boomerangs (quivered)
 p - 9 poisoned darts
Armour
 s - a +0 ring mail
 z - a +0 pair of boots (melded)
 B - a +0 scale mail
 E - a +0 pair of gloves of dexterity (melded)
 F - a +3 ring mail of cold resistance (melded)
Jewellery
 f - a ring of protection from cold (left branch)
Wands
 c - a wand of roots (9)
 A - a wand of polymorph (1)
Scrolls
 b - a scroll of immolation
 l - a scroll of vulnerability
 m - a scroll of enchant weapon {unknown}
 q - a scroll of butterflies {unknown}
 r - 4 scrolls of teleportation
 t - 2 scrolls of blinking
 y - a scroll of torment {unknown}
 G - a scroll of magic mapping {unknown}
 H - a scroll of enchant armour {unknown}
Potions
 i - a potion of mutation
 k - a potion of flight {unknown}
 n - a potion of attraction
 u - a potion of invisibility
 v - a potion of ambrosia {unknown}
 x - a potion of might {unknown}
 D - 3 potions of magic


   Skills:
 - Level 2.1 Fighting
 + Level 12.8 Maces & Flails
 - Level 4.4 Ranged Weapons
 - Level 1.8 Dodging
 - Level 1.0 Stealth


You had 9 spell levels left.
You didn't know any spells.
Your spell library was empty.

Dungeon Overview and Level Annotations

Branches:
Dungeon (7/15)             Temple (0/1) D:4

Altars:
Ashenzari
Dithmenos
Kikubaaqudgha
Okawaru
Qazlal
Trog
Yredelemnul

Shops:
D:1 :   D:5 [

Annotations:
D:3 2 transporters, waddelsworth's ghost, amateur GrEE
D:7 Pikel


Innate Abilities, Weirdness & Mutations

You are a tree.
Your roots penetrate the ground, keeping you stationary.
You cannot be teleported.
You are immune to unholy pain and torment.
Your maximum health is greatly increased.
Your equipment is partially melded.
((You have a pair of small antennae on your head.))
You regenerate health from kills.
((You are partially covered in sharp spines.))
((You have hoof-like feet.))
You sometimes lose your temper in combat.
Your muscles are strong. (Str +4, Int/Dex -1)


Message History

Pikel is almost dead.
Pikel hits you but does no damage.
The lemure hits you but does no damage. x2
You barely miss Pikel.
Pikel is almost dead.
Pikel hits you with a +2 whip of flaming.
* * * LOW HITPOINT WARNING * * *
Pikel burns you.
* * * LOW HITPOINT WARNING * * *
The lemure hits you.
* * * LOW HITPOINT WARNING * * *
The lemure hits you but does no damage.
You feel better.
Pikel zaps a wand.
Your mind is blasted!
* * * LOW HITPOINT WARNING * * *
The lemure hits you.
* * * LOW HITPOINT WARNING * * *
The lemure hits you but does no damage.
You barely miss Pikel.
Pikel is almost dead.
Pikel hits you with a +2 whip of flaming.
* * * LOW HITPOINT WARNING * * *
Pikel burns you.
* * * LOW HITPOINT WARNING * * *
The lemure hits you.
* * * LOW HITPOINT WARNING * * *
The lemure hits you but does no damage.
You feel better. Pikel hits you but does no damage. The lemure hits you.
* * * LOW HITPOINT WARNING * * *
The lemure hits you but does no damage.
You feel better.
Pikel says, "You'll make a fine lemure."
Pikel zaps a wand.
Your mind is blasted!
* * * LOW HITPOINT WARNING * * *
The lemure hits you but does no damage. x2
You hit Pikel. Your punch misses Pikel.
Pikel is almost dead.
Your transformation is almost over.
You hit Pikel but do no damage.
Pikel is almost dead.
Pikel zaps a wand.
Your mind is blasted!
You die...

....# #.....!.....#
....# #...>.......#
....#
#####...........#
....# #...##....#
....#######....#....#
....#.....##...#....#
....#......#...#....#
....'......'...#55..#
....########...'♣K..#
...<# ##+###....#
....# #.......##..#
....# #.......# ..#
....# #.......# ..#
...## #.......# .#
...# #.......# ...#
#.......#
...########.......#
####


You could see Pikel and 2 lemures.

Vanquished Creatures
  A hydra (D:7)
  Maggie (D:7)
  Grinder (D:4)
  3 water moccasins
  A black bear (D:6)
  An ice beast (D:5)
  4 ogres
  A centaur (D:7)
  2 lemures (D:7)
  2 phantoms (D:5)
  A bullfrog (D:7)
  2 scorpions
  A necrophage (D:7)
  Dowan (D:5)
  12 killer bees (D:7)
  2 howler monkeys
  2 jellies
  4 hounds
  A gnoll bouda (D:5)
  6 orc priests
  2 iguanas
  6 orc wizards
  Robin (D:3)
  7 gnolls
  8 adders
  A shadow imp (D:4)
  3 white imps (D:6)
  An ufetubus (D:5)
  A dart slug (D:1)
  24 orcs
  5 bats
  10 endoplasms
  3 giant cockroaches
  11 goblins
  8 hobgoblins
  2 jackals (D:4)
  6 quokkas
  9 ball pythons
  5 frilled lizards
  10 kobolds
  6 rats
178 creatures vanquished.

Vanquished Creatures (others)
  5 toadstools (D:1)
5 creatures vanquished.

Grand Total: 183 creatures vanquished

Notes
Turn   | Place    | Note
-------+----------+-------------------------------------------
     0 | D:1      | caaleb the Demonspawn Hunter began the quest for the Orb.
     0 | D:1      | Reached XP level 1. HP: 16/16 MP: 1/1
    59 | D:1      | Reached skill level 1 in Stealth
    95 | D:1      | Gained mutation: You are partially covered in sharp spines.
                  | [demonic ancestry]
    95 | D:1      | Reached XP level 2. HP: 17/22 MP: 2/2
   318 | D:1      | Found a faded altar of an unknown god.
   496 | D:1      | Prayed at the altar of an unknown god.
   496 | D:1      | Became a worshipper of Trog the Wrathful
   496 | D:1      | Reached * piety under Trog
   561 | D:1      | Gained mutation: You have a pair of small antennae on your
                  | head. [demonic ancestry]
   561 | D:1      | Reached XP level 3. HP: 27/27 MP: 3/3
   567 | D:1      | Found Raczies's Book Boutique.
   743 | D:2      | Reached skill level 1 in Maces & Flails
   780 | D:2      | Reached ** piety under Trog
  1077 | D:2      | Reached skill level 2 in Maces & Flails
  1077 | D:2      | Reached XP level 4. HP: 33/33 MP: 4/4
  1238 | D:3      | Gained mutation: You have large cloven feet. [potion of
                  | mutation]
  1238 | D:3      | Gained mutation: You sometimes lose your temper in combat.
                  | [potion of mutation]
  1238 | D:3      | Gained mutation: You have hoof-like feet. [potion of
                  | mutation]
  1238 | D:3      | Gained mutation: Your muscles are strong. (Str +4, Int/Dex
                  | -1) [potion of mutation]
  1482 | D:3      | Reached skill level 3 in Maces & Flails
  1714 | D:3      | Found a broken altar of Ashenzari.
  1853 | D:3      | Found a transporter.
  1865 | D:3      | Reached XP level 5. HP: 38/38 MP: 5/5
  1936 | D:3      | Found a transporter.
  1938 | D:3      | Noticed waddelsworth's ghost (amateur GrEE)
  1977 | D:3      | Noticed Robin
  1994 | D:3      | Killed Robin
  2506 | D:4      | Noticed an ogre
  2530 | D:4      | Killed an ogre
  2531 | D:4      | Reached skill level 4 in Maces & Flails
  2531 | D:4      | Gained mutation: You regenerate a little health from kills.
                  | [demonic ancestry]
  2531 | D:4      | Reached XP level 6. HP: 44/44 MP: 6/6
  2767 | D:4      | Reached skill level 5 in Maces & Flails
  2817 | D:4      | Noticed Grinder
  2888 | D:4      | Paralysed by Grinder for 4 turns
  2893 | D:4      | Killed Grinder
  2894 | D:4      | Reached skill level 6 in Maces & Flails
  2894 | D:4      | Reached XP level 7. HP: 18/50 MP: 7/7
  3312 | D:4      | Found a staircase to the Ecumenical Temple.
  3933 | D:5      | Entered Level 5 of the Dungeon
  3933 | D:5      | Noticed Duvessa
  3933 | D:5      | Noticed Dowan
  4068 | D:5      | Reached skill level 7 in Maces & Flails
  4116 | D:5      | Reached *** piety under Trog
  4141 | D:5      | Found an ancient bone altar of Kikubaaqudgha.
  4238 | D:5      | Found Qure's Antique Armour Emporium.
  4243 | D:5      | Bought a pair of runed gloves for 202 gold pieces
  4275 | D:5      | Gained mutation: You regenerate health from kills. [demonic
                  | ancestry]
  4275 | D:5      | Reached XP level 8. HP: 42/56 MP: 8/8
  4318 | D:5      | Found a stormy altar of Qazlal.
  4328 | D:5      | Noticed Duvessa
  4328 | D:5      | Duvessa changed into Duvessa the scorpion
  4336 | D:5      | Killed Duvessa the scorpion
  4337 | D:5      | Reached skill level 8 in Maces & Flails
  4372 | D:5      | Killed Dowan
  4379 | D:5      | Found a basalt altar of Yredelemnul.
  4866 | D:5      | Reached skill level 9 in Maces & Flails
  5503 | D:6      | Found a shadowy altar of Dithmenos.
  5532 | D:6      | Reached skill level 10 in Maces & Flails
  5957 | D:6      | Reached XP level 9. HP: 61/61 MP: 9/9
  5982 | D:6      | Found an iron altar of Okawaru.
  5990 | D:6      | Reached **** piety under Trog
  6176 | D:7      | Noticed Maggie
  6191 | D:7      | Killed Maggie
  6192 | D:7      | Reached skill level 11 in Maces & Flails
  6755 | D:7      | Reached skill level 12 in Maces & Flails
  7003 | D:7      | Noticed a five-headed hydra
  7011 | D:7      | Killed a five-headed hydra
  7012 | D:7      | Reached XP level 10. HP: 10/67 MP: 10/10
  7299 | D:7      | Noticed Pikel
  7360 | D:7      | Blown up by Pikel

Illustrated notes

Levels and vault maps discovered:
D:1:      ldierk_walled_garden, layout_basic, serial_shops, shop,
          basic_ecumenical_altar
D:2:      layout_rooms, basic_altar
D:3:      layout_loops_cross, mainiacjoe_overflow_24_doors,
          gammafunk_ghost_stat_death, uniq_robin
D:4:      layout_basic, minmay_temple_entry_hall, uniq_grinder
D:5:      layout_rooms, mainiacjoe_overflow_catwalk, minitemple, serial_shops,
          shop, kennysheep_generic_room_9, uniq_duvessa
D:6:      layout_loops_ring, nicolae_overflow_crystal_walls,
          okawaru_altar_gauntlet_db
D:7:      layout_gridville, tso_oasis_becter, uniq_pikel, uniq_maggie

Skill      XL: |  1  2  3  4  5  6  7  8  9 |
---------------+----------------------------+-----
Stealth        | 1 |  1.0
Ranged Weapons | 4 |  4.4
Maces & Flails | 2 3 4 6 7 10 12 | 12.8
Fighting       | |  2.1
Dodging        | |  1.8

Action                   |  1- 3 |  4- 6 |  7- 9 | 10-12 || total
-------------------------+-------+-------+-------+-------++-------
Melee: Whip              |       |    34 |       |       ||    34
       Kick              |       |    11 |       |       ||    11
       Mace              |       |    37 |   274 |    40 ||   351
       Unarmed           |       |    12 |       |       ||    12
       Punch             |       |       |     7 |     1 ||     8
 Fire: Shortbow          |    96 |    22 |       |       ||   118
Throw: Dart              |       |    10 |    18 |       ||    28
       Boomerang         |       |       |    13 |       ||    13
Invok: Berserk           |       |     2 |     3 |     1 ||     6
Evoke: Wand              |       |       |     3 |       ||     3
  Use: Potion            |       |     4 |     3 |     8 ||    15
       Scroll            |       |     3 |     7 |     1 ||    11
 Stab: Distracted        |       |     1 |       |       ||     1
       Sleeping          |       |     1 |       |       ||     1
       Invisible         |       |       |     1 |       ||     1
Armor: Leather armour    |     8 |       |       |       ||     8
       Ring mail         |       |    10 |    90 |     9 ||   109
       Skin              |       |     3 |     7 |    45 ||    55
Dodge: Dodged            |    24 |    42 |   127 |    19 ||   212
